 Dungeon Crawl Stone Soup version 0.20.1 (webtiles) character file.

19945 pib the Cleaver (level 12, -2/117 HPs)
             Began as a Deep Dwarf Fighter on June 28, 2017.
             Was an Elder of Makhleb.
             Slain by an ettin
             ... wielding a +0 dire flail
              (28 damage)
             ... on level 12 of the Dungeon on July 2, 2017.
             The game lasted 00:33:18 (12964 turns).

pib the Cleaver (Deep Dwarf Fighter)               Turns: 12964, Time: 00:33:18

Health: -2/117     AC: 19    Str: 26    XL:     12   Next: 41%
Magic:  14/14      EV:  7    Int:  8    God:    Makhleb [****..]
Gold:   661        SH: 10    Dex: 12    Spells: 11/11 levels left

rFire    x . .     SeeInvis .   a - +1 morningstar (drain)
rCold    + . .     Gourm    .   c - +0 shield
rNeg     . . .     Faith    .   D - +0 plate armour
rPois    .         Spirit   .   (no helmet)
rElec    .         Reflect  .   E - +0 cloak
rCorr    .         Harm     .   h - +0 pair of gloves
MR       +....                  z - +0 pair of boots
Stlth    ..........             i - amulet of rage
Regen    0.0/turn               R - ring of ice
MPRegen  0.2/turn               L - ring of wizardry

@: non-regenerating
A: damage resistance, heal wounds, icy blue scales 2, sense surroundings 2, no
regeneration
a: Heal Wounds, Minor Destruction, Lesser Servant of Makhleb, Major Destruction,
Renounce Religion, Evoke Berserk Rage


You were on level 12 of the Dungeon.
You worshipped Makhleb.
Makhleb was greatly pleased with you.
You were not hungry.

You visited 2 branches of the dungeon, and saw 13 of its levels.

You collected 661 gold pieces.

Inventory:

Hand Weapons
 a - a +1 morningstar of draining (weapon)
 b - a +0 hunting sling
 o - a +0 war axe
 V - a +2 trident of protection
Missiles
 q - 326 stones (quivered)
 Q - 29 bolts
Armour
 c - a +0 shield (worn)
 h - a +0 pair of gloves (worn)
 z - a +0 pair of boots (worn)
 D - a +0 plate armour (worn)
 E - a +0 cloak (worn)
 G - a +0 chain mail
Jewellery
 i - an amulet of rage (around neck)
 I - an uncursed amulet of faith {unknown}
 L - a ring of wizardry (right hand)
 R - a ring of ice (left hand)
 U - a +1 ring of evasion {unknown}
 Y - the ring of Shadows {Umbra +Inv Stlth+}
   (You took it off a centaur warrior on level 11 of the Dungeon)

   [ring of stealth]

   It lets you turn invisible.
   It makes you more stealthy.
 Z - an uncursed amulet of magic regeneration {unknown}
Wands
 F - a wand of lightning (9/15)
 H - a wand of digging (8/24)
 J - a wand of lightning (13/15)
 S - a wand of lightning (13/15)
Scrolls
 k - 2 scrolls of fear {unknown}
 m - 4 scrolls of magic mapping
 p - 9 scrolls of teleportation
 s - 3 scrolls of enchant weapon {unknown}
 t - 5 scrolls of recharging {unknown}
 u - 3 scrolls of identify
 w - 2 scrolls of amnesia {unknown}
 x - 6 scrolls of remove curse {unknown}
 C - 4 scrolls of enchant armour {unknown}
 N - a scroll of holy word {unknown}
 O - 2 scrolls of blinking {unknown}
Potions
 d - 3 potions of might
 e - 2 potions of heal wounds
 g - 2 potions of flight
 j - a potion of cancellation
 l - 6 potions of curing
 n - 2 potions of ambrosia
 v - a potion of berserk rage
 A - 2 potions of magic {unknown}
Books
 y - a book of Minor Magic

   Spells                             Type                      Level
   a - Magic Dart                     Conjuration                  1
   b - Blink                          Translocation                2
   c - Call Imp                       Summoning                    2
   d - Slow                           Hexes                        2
   e - Conjure Flame                  Conjuration/Fire             3
   f - Mephitic Cloud                 Conjuration/Poison/Air       3
 X - a book of Transfigurations

   Spells                             Type                      Level
   a - Irradiate                      Conjuration/Transmutation    5
   b - Statue Form                    Transmutation/Earth          6
   c - Hydra Form                     Transmutation                6
   d - Dragon Form                    Transmutation                7
Miscellaneous
 r - a box of beasts
Comestibles
 f - 4 bread rations
 B - 5 meat rations
 P - 7 royal jellies
 W - 12 chunks of flesh


   Skills:
 + Level 10.4 Fighting
 - Level 12.0(12.8) Axes
 + Level 6.9(10.0) Maces & Flails
 + Level 5.3 Armour
 - Level 3.9 Dodging
 - Level 5.5 Shields
 + Level 11.6 Invocations
 - Level 5.3 Evocations


You had 11 spell levels left.
You didn't know any spells.

Dungeon Overview and Level Annotations

Branches:
Dungeon (12/15)            Temple (0/1) D:7            Lair (1/6) D:8
    Orc (0/2) D:11

Altars:
Makhleb
Okawaru
Qazlal
Sif Muna
Trog

Shops:
D:10 [


Innate Abilities, Weirdness & Mutations

You are resistant to damage.
You can heal yourself by infusing magical energy.
You passively map the area around you.
You do not regenerate.
You are mostly covered in icy blue scales. (AC +3)


Message History

The ettin hits your hellwing with a dire flail!
The ettin misses your hellwing.
Your hellwing hits the ettin. x2
Your hellwing hits the ettin but does no damage. x2
The ettin hits your hellwing with a dire flail!!
Your hellwing dies!
You block the ettin's attack. x2
You hit the ettin.
The ettin is moderately wounded.
The ettin closely misses you. The ettin hits you with a dire flail!
You hit the ettin.
The ettin is heavily wounded.
The ettin hits you with a dire flail! x2
You sock the ettin! You drain the ettin!
The ettin is heavily wounded.
The ettin hits you with a dire flail!! x2
* * * LOW HITPOINT WARNING * * *
You impale the ettin!!
The ettin is severely wounded.
The ettin hits you with a dire flail!!
You die...

, , ,,
*#..'.....)./##... ,
,*+##.....##'#.... , ,*
, ,, ,##...##..#.... , *
* * , ##'##...#'### * #
*, #...#.....# # * *, #.
,,, #...#.....#, ##.. ,,
##...##...##, * *
#....#####.....##### ,,
, , #....C@............
,, ,, *
#######################
, ,*,
,,.........((.((()))....
, #####.#.##############
* .............#.....###
*
*######..####.#.......#
* #.>..#......#..##
####.#..........#
#.#...##...#.#


You could see an ettin.

Vanquished Creatures
  A hydra (D:12)
  2 centaur warriors (D:11)
  2 two-headed ogres (D:11)
  An orc knight (D:12)
  3 ugly things (D:11)
  A manticore (D:11)
  An elephant (D:8)
  2 gargoyles (D:11)
  An efreet (D:11)
  5 trolls
  Prince Ribbit (D:5)
  Grinder (D:4)
  2 hippogriffs
  A slime creature (D:11)
  The ghost of AltWight the Insei, an amateur OpTm of Uskayaw (D:5)
  3 wyverns
  4 hogs (D:8)
  A shadow (D:12)
  12 yaks (D:11)
  Eustachio (D:5)
  A basilisk (D:8)
  A wraith (D:11)
  A human (D:8)
  6 hungry ghosts
  A water moccasin (D:8)
  10 orc warriors
  2 ice beasts
  A black bear (D:11)
  A necrophage (D:8)
  6 sky beasts
  2 ogres
  11 centaurs
  A crocodile (D:8)
  3 big kobolds
  6 bullfrogs
  3 gnoll sergeants (D:5)
  A wyvern skeleton (D:9)
  3 scorpions
  A wight (D:5)
  4 crimson imps
  A centaur zombie (D:11)
  A bullfrog skeleton (D:11)
  12 orc priests
  6 hounds
  A quasit (D:8)
  2 centaur skeletons
  2 jellies
  13 orc wizards
  6 iguanas
  7 worker ants
  Natasha (thrice) (D:2)
  A killer bee zombie (D:8)
  A hound zombie (D:10)
  2 hound skeletons
  A worker ant zombie (D:4)
  2 howler monkey skeletons
  4 gnolls
  9 adders
  An adder skeleton (D:5)
  2 dart slugs
  7 leopard geckos
  55 orcs
  4 giant cockroaches
  5 goblins
  5 hobgoblins
  18 jackals
  18 kobolds
  3 quokkas
  A ball python (D:4)
  A ball python skeleton (D:4)
  7 bats
  7 frilled lizards
  A quokka skeleton (D:7)
  A quokka zombie (D:9)
  6 rats
327 creatures vanquished.

Vanquished Creatures (collateral kills)
  A cyclops (D:11)
  The ghost of Quirk the Slasher, a novice DsAK of Lugonu (D:11)
  A yak (D:11)
  A water moccasin (D:11)
  2 centaurs
  2 howler monkeys (D:11)
  A crimson imp (D:11)
  2 orcs
11 creatures vanquished.

Vanquished Creatures (others)
  An unseen horror (D:11)
1 creature vanquished.

Grand Total: 339 creatures vanquished

Notes
Turn   | Place    | Note
-------+----------+-------------------------------------------
     0 | D:1      | pib the Deep Dwarf Fighter began the quest for the Orb.
     0 | D:1      | Reached XP level 1. HP: 20/20 MP: 1/1
    67 | D:1      | Reached XP level 2. HP: 21/27 MP: 2/2
   786 | D:2      | Reached XP level 3. HP: 20/34 MP: 3/3
  1001 | D:2      | Reached skill level 1 in Dodging
  1189 | D:2      | Reached skill level 3 in Axes
  1293 | D:2      | Noticed Natasha
  1307 | D:2      | Killed Natasha
  1307 | D:2      | Reached XP level 4. HP: 42/42 MP: 3/3
  1317 | D:2      | Noticed Natasha
  1324 | D:2      | Killed Natasha
  1365 | D:2      | Noticed Natasha
  1372 | D:2      | Killed Natasha
  1372 | D:2      | Reached XP level 5. HP: 35/49 MP: 4/4
  1783 | D:3      | Found a faded altar of an unknown god.
  2344 | D:4      | Noticed a hungry ghost
  2372 | D:4      | Killed a hungry ghost
  2372 | D:4      | Reached skill level 4 in Axes
  2372 | D:4      | Reached XP level 6. HP: 40/57 MP: 5/5
  2955 | D:4      | Noticed Grinder
  2975 | D:4      | Paralysed by Grinder for 4 turns
  2984 | D:4      | Killed Grinder
  2984 | D:4      | Reached skill level 5 in Armour
  2984 | D:4      | Reached skill level 5 in Shields
  2984 | D:4      | Reached XP level 7. HP: 40/64 MP: 6/6
  3770 | D:5      | Entered Level 5 of the Dungeon
  3770 | D:5      | Noticed Eustachio
  3876 | D:5      | Reached skill level 5 in Axes
  3956 | D:5      | Found an iron altar of Okawaru.
  3962 | D:5      | Noticed AltWight's ghost (amateur OpTm)
  4385 | D:5      | Reached XP level 8. HP: 61/73 MP: 6/6
  4419 | D:5      | Reached skill level 6 in Axes
  4427 | D:5      | Gained mutation: Your muscles are strong. (Str +2) [mutagenic meat]
  4541 | D:5      | Found a deep blue altar of Sif Muna.
  4542 | D:5      | Found a burning altar of Makhleb.
  4542 | D:5      | Found a stormy altar of Qazlal.
  4548 | D:5      | Became a worshipper of Makhleb the Destroyer
  4612 | D:5      | Reached skill level 5 in Fighting
  4623 | D:5      | Reached skill level 1 in Invocations
  4631 | D:5      | Noticed Prince Ribbit
  4642 | D:5      | Killed Prince Ribbit
  4732 | D:5      | Reached skill level 7 in Axes
  4765 | D:5      | Killed Eustachio
  5079 | D:5      | Killed AltWight's ghost
  5232 | D:6      | Reached skill level 8 in Axes
  5232 | D:6      | Gained mutation: You passively map the area around you. [Deep Dwarf growth]
  5232 | D:6      | Reached XP level 9. HP: 58/82 MP: 10/10
  5661 | D:6      | Found an iron altar of Okawaru.
  5764 | D:6      | Reached * piety under Makhleb
  5902 | D:7      | Reached skill level 5 in Invocations
  5962 | D:7      | Found a staircase to the Ecumenical Temple.
  6479 | D:7      | Reached skill level 1 in Evocations
  6802 | D:8      | Found a staircase to the Lair.
  6814 | D:8      | Reached skill level 9 in Axes
  6828 | D:8      | Noticed an elephant
  6843 | D:8      | Killed an elephant
  6969 | D:8      | Reached skill level 10 in Axes
  7149 | D:8      | Reached XP level 10. HP: 71/92 MP: 10/10
  7168 | D:8      | Reached ** piety under Makhleb
  7169 | D:8      | Reached skill level 5 in Evocations
  7179 | D:8      | Upgraded the game from 0.20.0-15-g7f486f2 to 0.20.1
  7837 | D:8      | Reached skill level 11 in Axes
  7847 | D:8      | Gained mutation: Your body sometimes deteriorates upon taking damage. [mutagenic meat]
  7848 | D:8      | Gained mutation: Scrolls take you a little longer to read. [mutagenic meat]
  7849 | D:8      | Gained mutation: You are partially covered in yellow scales. (AC +2) [mutagenic meat]
  8334 | Lair:1   | Entered Level 1 of the Lair of Beasts
  8343 | Lair:1   | Noticed a six-headed hydra
  8716 | D:9      | Reached *** piety under Makhleb
  8983 | D:9      | Found a bloodstained altar of Trog.
  9675 | D:9      | Lost mutation: Your muscles are strong. (Str +2) [potion of mutation]
  9675 | D:9      | Lost mutation: Scrolls take you a little longer to read. [potion of mutation]
  9675 | D:9      | Lost mutation: Your body sometimes deteriorates upon taking damage. [potion of mutation]
  9675 | D:9      | Lost mutation: You are partially covered in yellow scales. (AC +2) [potion of mutation]
  9675 | D:9      | Gained mutation: You are partially covered in icy blue scales. (AC +2) [potion of mutation]
  9675 | D:9      | Gained mutation: Your body sometimes deteriorates upon taking damage. [potion of mutation]
  9675 | D:9      | Gained mutation: You evolve. [potion of mutation]
  9675 | D:9      | Gained mutation: You are mostly covered in icy blue scales. (AC +3) [potion of mutation]
  9691 | D:10     | Entered Level 10 of the Dungeon
 10052 | D:10     | Reached skill level 12 in Axes
 10138 | D:10     | Lost mutation: Your body sometimes deteriorates upon taking damage. [evolution]
 10138 | D:10     | Lost mutation: You evolve. [end of evolution]
 10576 | D:10     | Found Xiseot's Armour Emporium.
 10668 | D:11     | Reached XP level 11. HP: 82/103 MP: 12/12
 10796 | D:11     | Reached skill level 1 in Maces & Flails
 10875 | D:11     | Killed an unseen horror
 11501 | D:11     | Found a staircase to the Orcish Mines.
 11682 | D:11     | Reached **** piety under Makhleb
 11712 | D:11     | Noticed Quirk's ghost (novice DsAK)
 11732 | D:11     | Killed Quirk's ghost
 12062 | D:11     | Noticed a brown ugly thing
 12080 | D:11     | Killed a brown ugly thing
 12376 | D:11     | Reached skill level 10 in Invocations
 12412 | D:11     | Reached skill level 5 in Maces & Flails
 12453 | D:11     | Noticed a two-headed ogre
 12456 | D:11     | Killed a two-headed ogre
 12467 | D:11     | Noticed a red ugly thing
 12469 | D:11     | Noticed a red ugly thing
 12481 | D:11     | Killed a red ugly thing
 12490 | D:11     | Killed a brown ugly thing
 12506 | D:11     | Noticed a centaur warrior
 12519 | D:11     | Killed a centaur warrior
 12519 | D:11     | Reached XP level 12. HP: 99/116 MP: 14/14
 12552 | D:11     | Reached skill level 10 in Fighting
 12638 | D:11     | Noticed a centaur warrior
 12649 | D:11     | Killed a centaur warrior
 12683 | D:11     | Noticed a two-headed ogre
 12695 | D:11     | Killed a two-headed ogre
 12889 | D:12     | Noticed a four-headed hydra
 12891 | D:12     | Reached ***** piety under Makhleb
 12902 | D:12     | Killed a four-headed hydra
 12953 | D:12     | Noticed an ettin
 12964 | D:12     | Slain by an ettin

Skill      XL: |  1  2  3  4  5  6  7  8  9 10 11 12 |
---------------+-------------------------------------+-----
Fighting       | 3 4 5 6 8 9 10 | 10.4
Dodging        | 1 2 3 |  3.9
Axes           | 3 4 5 8 10 12 | 12.0
Shields        | 4 5 |  5.5
Armour         | 4 5 |  5.3
Invocations    | 4 5 7 10 11 | 11.6
Evocations     | 4 5 |  5.3
Maces & Flails | 5 6 |  6.9

Action                   |  1- 3 |  4- 6 |  7- 9 | 10-12 || total
-------------------------+-------+-------+-------+-------++-------
Melee: War axe           |   128 |   136 |   429 |   391 ||  1084
       Morningstar       |       |       |       |   331 ||   331
       Trident           |       |       |       |   142 ||   142
 Fire: Hunting sling     |       |       |       |     6 ||     6
Invok: Lesser Servant of |       |       |       |     3 ||     3
       Major Destruction |       |       |       |     2 ||     2
 Abil: Heal Wounds       |     2 |     4 |    11 |    15 ||    32
Evoke: Wand              |       |       |       |     1 ||     1
  Use: Scroll            |       |     2 |     1 |     3 ||     6
       Potion            |       |       |       |     8 ||     8
  Eat: Chunk             |     1 |     7 |    12 |    36 ||    56
       Bread ration      |       |     2 |     1 |     2 ||     5
Armor: Scale mail        |    83 |    47 |    35 |       ||   165
       Chain mail        |       |       |   207 |   435 ||   642
       Skin              |       |       |       |    17 ||    17
Dodge: Dodged            |    44 |    43 |   134 |   212 ||   433
Block: Shield            |    81 |    73 |   241 |   419 ||   814
